 Dungeon Crawl Stone Soup version 0.32-a0-599-gba8f9cf90e (webtiles) character file.

Game seed: 14739745525210053722

27674 ezpacito the Fighter (level 13, -5/101 HPs)
             Began as a Coglin Chaos Knight on Mar 2, 2024.
             Was a Plaything of Xom.
             Slain by a rakshasa
             ... wielding a +0 long sword
              (25 damage)
             ... on level 13 of the Dungeon.
             The game lasted 00:27:18 (12943 turns).

ezpacito the Fighter (Coglin Chaos Knight)         Turns: 12943, Time: 00:27:18

Health: -5/101     AC: 32    Str: 19    XL:     13   Next: 33%
Magic:  27/29      EV:  5    Int: 15    God:    Xom [......]
Gold:   1527       SH:  0    Dex: 15    Spells: 1/21 levels left

rFire   . . .        a - +5 hand axe (chaos) {Somchit}
rCold   . . .        M - +9 staff of Olgreb {rPois∞}
rNeg    . . .        I - +3 crystal plate armour
rPois   ∞            K - +1 helmet
rElec   .            C - +3 cloak "Abihean" {Slay+5}
rCorr   +            u - +1 pair of gloves {Stlth+}
SInv    .            z - +0 pair of boots of the Ninety-Nine Demons {rPois rCorr MP+9 Int+4}
Will    .....        (amulet unavailable) Stlth
                     (ring unavailable)
HPRegen 1.16/turn    (ring unavailable)
MPRegen 0.21/turn    (no gizmo)

%: no passive effects
@: revved
A: off-hand wielding, slow wielding, warmup strikes, no jewellery, regeneration
1, strong 1, wild magic 1, MP-powered wands
a: Invent Gizmo, Renounce Religion


You were on level 13 of the Dungeon.
You worshipped Xom.
You were a very special plaything of Xom.
You visited 2 branches of the dungeon, and saw 14 of its levels.
You also visited: Ossuary and Bailey.

You collected 2301 gold pieces.
You spent 774 gold pieces at shops.

Inventory:

Hand Weapons
 a - a +5 hand axe of chaos (weapon) {Somchit}
 e - a +0 demon whip of venom
 n - a +2 hand axe of flaming {Ichio}
 w - a +3 trident of draining {Eunwoo}
 L - a +5 war axe
 M - the +9 staff of Olgreb (offhand) {rPois∞}
   (You found it on level 8 of the Dungeon)

   Radiate:   It can be activated via the 'a'bility menu to radiate toxic
   energy, with effectiveness depending on Evocations skill.
   Alch:      It enhances your alchemy magic.
   rPois∞: It grants immunity to poison.
Missiles
 b - a boomerang
 s - 6 javelins
 y - 34 poisoned darts
 E - 2 throwing nets
Armour
 u - a +1 pair of gloves of stealth (worn)
 z - the +0 pair of boots of the Ninety-Nine Demons (worn) {rPois rCorr MP+9 Int+4}
   (You acquired it on level 5 of the Dungeon)

   Int+4:     It affects your intelligence (+4).
   rPois:     It protects you from poison.
   MP+9:      It affects your magic capacity (+9).
   rCorr:     It protects you from acid and corrosion.
 C - the +3 cloak "Abihean" (worn) {Slay+5}
   (You found it in a bailey)

   Slay+5:    It affects your accuracy & damage with ranged weapons and melee
   (+5).
 I - a +3 crystal plate armour (worn)
 K - a +1 helmet (worn)
Magical Staves
 H - a staff of death
Wands
 c - a wand of paralysis (19)
 o - a wand of polymorph (5)
 p - a wand of flame (26)
 r - a wand of warping (16)
 D - a wand of digging (7)
Scrolls
 f - a scroll of amnesia
 j - 4 scrolls of fog
 t - 5 scrolls of teleportation
 A - a scroll of immolation
 G - a scroll of revelation
Potions
 d - a potion of might
 h - a potion of haste
 k - 4 potions of lignification
 l - a potion of heal wounds
 m - a potion of ambrosia
 q - 6 potions of curing
 x - 4 potions of brilliance
 J - 6 potions of enlightenment
Miscellaneous
 v - a condenser vane (inert)


   Skills:
 * Level 9.0 Fighting
 * Level 9.0(9.7) Axes
 + Level 5.3(7.9) Polearms
 * Level 3.9(5.2) Staves
 * Level 7.8 Armour
 * Level 7.5 Dodging
 + Level 5.2 Stealth
 + Level 5.2 Unarmed Combat
 + Level 4.7 Spellcasting
 + Level 2.3 Necromancy
 + Level 4.3 Translocations
 + Level 1.0 Alchemy
 * Level 8.4 Evocations


You had one spell level left.
You knew the following spells:

 Your Spells              Type           Power      Damage    Failure   Level
a - Vhi's Electric Charg  Tloc/Air       26%        N/A       100%        4
b - Arcjolt               Conj/Air       2%         1d12      100%        5
c - Maxwell's Capacitive  Air            2%         ∞         100%        8
d - Necrotise             Necr           52%        1d6       100%        1
e - Sting                 Conj/Alch      40%        1d5       100%        1
g - Apportation           Tloc           42%        N/A       99%         1

Your spell library contained the following spells:

 Spells                   Type           Power      Damage    Failure   Level
 Summon Small Mammal      Summ           16%        N/A       100%        1
 Tukima's Dance           Hex            4%         N/A       100%        3
 Anguish                  Hex/Necr       4%         N/A       100%        4
 Cause Fear               Hex            2%         N/A       100%        4
 Passage of Golubria      Tloc           21%        N/A       100%        4
 Yara's Violent Unravell  Hex/Alch       5%         3d4       100%        5
 Enfeeble                 Hex            2%         N/A       100%        7


Dungeon Overview and Level Annotations

Branches:
Dungeon (13/15)            Temple (1/1) D:4            Lair (0/5) D:10
    Orc (0/2) D:9         Ossuary (visited)          Bailey (visited)
 Vaults: D:13-14

Altars:
Ashenzari
Cheibriados
Dithmenos
Elyvilon
Fedhas
Gozag
Hepliaklqana
Kikubaaqudgha
Makhleb
Nemelex Xobeh
Okawaru
Qazlal
Ru
Sif Muna
Trog
Uskayaw
Vehumet
Wu Jian
Xom
Yredelemnul
Zin
The Shining One

Shops:
D:3 [[   D:9 ?   D:13 *[

Annotations:
D:13 3 runed translucent doors


Innate Abilities, Weirdness & Mutations

You can wield a second weapon in your off-hand.
It takes a long time for you to wield or remove held weapons.
Your first few attacks do less damage.
You cannot equip rings or amulets.
Your natural rate of healing is unusually fast.
Your muscles are strong. (Str +4, Int/Dex -1)
Your spells are a little harder to cast, but a little more powerful.
You expend magic power (3 MP) to strengthen your wands.


Message History

The rakshasa hits you with a +0 long sword!
The rakshasa barely misses you.
You take 13 damage, and have 47/101 hp.
You miss the rakshasa with the +9 staff of Olgreb.
The rakshasa is moderately wounded.
You barely miss the rakshasa with your +5 hand axe of chaos.
The rakshasa hits you but does no damage.
You miss the rakshasa with your +5 hand axe of chaos.
The rakshasa is moderately wounded.
You sock the rakshasa with the +9 staff of Olgreb!
You envenom the rakshasa.
The rakshasa looks even sicker.
The injured rakshasa weaves a defensive illusion!
The rakshasa hits the rakshasa with a +0 long sword!
The rakshasa hits the rakshasa with a +0 long sword!!
The rakshasa dies!
The rakshasa shimmers and vanishes!
You barely miss the rakshasa with your +5 hand axe of chaos.
The rakshasa is almost dead.
You sock the rakshasa with the +9 staff of Olgreb!
You kill the rakshasa!
The rakshasa shimmers and vanishes!
You completely miss the rakshasa with your +5 hand axe of chaos.
The rakshasa is heavily wounded.
You hit the rakshasa with the +9 staff of Olgreb.
You envenom the rakshasa!
The rakshasa looks even sicker.
The rakshasa hits you with a +0 long sword!
The rakshasa hits you but does no damage.
You take 14 damage, and have 36/101 hp.
You completely miss the rakshasa with the +9 staff of Olgreb.
The rakshasa is severely wounded.
You barely miss the rakshasa with your +5 hand axe of chaos.
The rakshasa hits you with a +0 long sword!!
* * * LOW HITPOINT WARNING * * *
You take 17 damage, and have 19/101 hp.
You hit the rakshasa but do no damage.
The rakshasa is severely wounded.
You thump the rakshasa with the +9 staff of Olgreb!
You envenom the rakshasa.
The rakshasa looks as sick as possible!
The rakshasa hits you with a +0 long sword!!
You die...

##.# ...#....# ###..#
........ #...## #.....
##########....##. #.#..!
#.†...............# #.).
#.###########....#######.)$
#.# ##.............
#.##########......#........
#......[(.@R.....##...D....
#..###.###.#.#.............
#..#.#...#.# #........p.p..
#..#.#.###.###..##..)......
#.............. #.........
#............. ......#...
#..###.###.#.# .#.....#...
#... #.# ..#. ###.#.... ..
#..# #.#


You could see a neutral rakshasa (fast, strong, frenzied, extremely poisoned).

Vanquished Creatures
  Kirke (D:12)
  Nessos (D:12)
  A hydra (D:13)
  Erica (D:9)
  4 boulder beetles
  An ironbound frostheart (D:13)
  Urug (D:13)
  Amaemon (D:11)
  Lodul (D:13)
  An orc knight (Bailey)
  2 deep elf pyromancers (D:12)
  2 manticores (D:13)
  3 ugly things
  Maurice (D:8)
  A cyclops (D:13)
  3 slime creatures (D:12)
  3 gargoyles
  An orange demon (D:11)
  A komodo dragon (D:10)
  An unseen horror (D:12)
  3 kobold demonologists
  Jeremiah (D:7)
  3 trolls
  A hornet (D:11)
  Grinder (D:6)
  A vampire (D:13)
  A shapeshifter (D:11)
  3 wyverns
  7 yaks (D:11)
  A wraith (D:12)
  3 humans
  3 vampire mosquitoes (D:12)
  2 basilisks
  Grum (D:9)
  3 redbacks (D:8)
  A warg (D:9)
  2 acid dragons
  7 water moccasins (D:8)
  8 orc warriors
  A sky beast (D:7)
  2 black bears
  An ice beast (D:5)
  7 ogres (D:13)
  3 wolves (D:9)
  3 centaurs
  2 phantoms (D:5)
  6 kobold brigands
  2 bullfrogs (D:8)
  15 scorpions
  9 wights
  35 killer bees
  A howler monkey (D:7)
  2 lava snakes (D:11)
  3 hounds
  3 centaur zombies (Ossuary)
  A human zombie (Ossuary)
  3 bombardier beetles
  8 orc priests
  Ijyb (D:5)
  An iguana (D:5)
  17 orc wizards
  6 scorpion zombies (Ossuary)
  3 mummies (Ossuary)
  4 gnolls (D:5)
  6 adders
  A shadow imp (D:6)
  2 white imps
  2 adder zombies (Ossuary)
  4 dart slugs
  42 orcs
  6 ball pythons
  5 bats
  An endoplasm (shapeshifter) (D:5)
  10 endoplasms
  4 giant cockroaches
  4 gnoll zombies (Ossuary)
  22 goblins
  5 hobgoblins
  16 jackals
  3 quokkas (D:3)
  A ball python zombie (Ossuary)
  6 frilled lizards
  A jackal zombie (Ossuary)
  29 kobolds
  4 orc zombies
  9 rats
  A spectral hobgoblin (D:2)
406 creatures vanquished.

Vanquished Creatures (collateral kills)
  A yak (D:11)
  2 hogs (D:12)
  A gnoll sergeant (D:5)
  A scorpion (D:6)
  Robin (D:2)
  An endoplasm (D:2)
  2 goblins (D:2)
  A kobold (D:2)
10 creatures vanquished.

Vanquished Creatures (others)
  A human (D:12)
  An orc (D:13)
  A kobold (D:5)
  An orc zombie (Bailey)
4 creatures vanquished.

Grand Total: 420 creatures vanquished

Notes
Turn   | Place    | Note
-------+----------+-------------------------------------------
     0 | D:1      | ezpacito the Coglin Chaos Knight began the quest for the
                  | Orb.
     0 | D:1      | Reached XP level 1. HP: 18/18 MP: 1/1
   103 | D:1      | Reached skill level 1 in Dodging
   152 | D:1      | Reached XP level 2. HP: 24/24 MP: 2/2
   233 | D:1      | XOM: 3-stop teleportation journey
   529 | D:2      | Noticed Robin
   535 | D:2      | Reached XP level 3. HP: 25/29 MP: 3/3
   538 | D:2      | XOM: summons friendly smoke demon
   546 | D:2      | Killed Robin
   640 | D:2      | Found a faded altar of an unknown god.
   647 | D:2      | Found a glowing silver altar of Zin.
   647 | D:2      | XOM: 7-stop teleportation journey
   698 | D:2      | XOM: scenery: 2 doors open, 2 doors close
   771 | D:2      | Reached XP level 4. HP: 23/35 MP: 4/4
  1264 | D:2      | XOM: scenery: 2 doors close
  1307 | D:2      | XOM: god gift: scroll labelled TOROILL FIGAUH {god gift}
  1373 | D:3      | XOM: give mutations
  1373 | D:3      | Gained mutation: Your flesh is heat resistant. (rF+) [Xom's
                  | grace]
  1373 | D:3      | Gained mutation: Your muscles are strong. (Str +4, Int/Dex
                  | -1) [Xom's grace]
  1572 | D:3      | Noticed an animated gold dragon scales
  1574 | D:3      | Found Histiza's Armour Shoppe.
  1576 | D:3      | Noticed an animated shadow dragon scales
  1584 | D:3      | XOM: divination: detect items
  1620 | D:3      | Reached skill level 1 in Polearms
  1789 | D:3      | Reached XP level 5. HP: 26/42 MP: 6/6
  1866 | D:3      | Reached skill level 1 in Spellcasting
  2084 | D:3      | Bought a +1 pair of gloves of stealth for 214 gold pieces
  2204 | D:3      | Found Life's Distillery.
  2212 | D:3      | Bought a potion of degeneration for 11 gold pieces
  2441 | D:3      | Found Daakot Sesa's Antique Armour Boutique.
  2804 | D:4      | Noticed a black bear
  2815 | D:4      | Killed a black bear
  2815 | D:4      | XOM: give mutation
  2815 | D:4      | Lost mutation: Your flesh is heat resistant. (rF+) [Xom's
                  | mischief]
  2816 | D:4      | Reached skill level 1 in Stealth
  2816 | D:4      | Reached skill level 1 in Unarmed Combat
  2816 | D:4      | Reached XP level 6. HP: 41/48 MP: 7/7
  2854 | D:4      | Found a staircase to the Ecumenical Temple.
  2874 | Temple   | Entered the Ecumenical Temple
  3007 | D:4      | XOM: god gift: scroll labelled FUENEA EKHUL {god gift}
  3307 | D:4      | Identified a scroll of acquirement
  3390 | D:4      | XOM: god gift: 756 gold pieces
  3520 | D:3      | Bought a potion of enlightenment for 55 gold pieces
  3520 | D:3      | Bought a potion of enlightenment for 55 gold pieces
  3520 | D:3      | Bought a potion of curing for 33 gold pieces
  3520 | D:3      | Bought a potion of brilliance for 44 gold pieces
  3520 | D:3      | Bought a potion of heal wounds for 55 gold pieces
  3677 | D:3      | Bought a shiny chain mail for 187 gold pieces
  3806 | D:5      | Entered Level 5 of the Dungeon
  3866 | D:5      | XOM: cast spell 'Metabolic Englaciation'
  3867 | D:5      | an orc changed into a shapeshifter
  3867 | D:5      | Noticed a shapeshifter (shapeshifter)
  3867 | D:5      | XOM: polymorph orc -> shapeshifter
  3867 | D:5      | a shapeshifter changed into a bat
  3878 | D:5      | Reached XP level 7. HP: 37/54 MP: 9/9
  3902 | D:5      | Found a sand-covered staircase.
  3908 | Ossuary  | Entered an ossuary
  3963 | Ossuary  | XOM: summons 2 hostile shadow creatures
  4023 | Ossuary  | XOM: scenery: 1 doors open, 1 doors close
  4086 | Ossuary  | XOM: enchant monster (good)
  4140 | Ossuary  | XOM: confuse monster(s)
  4146 | Ossuary  | Reached XP level 8. HP: 52/61 MP: 10/10
  4270 | Ossuary  | XOM: cleaving
  4280 | Ossuary  | Reached skill level 5 in Fighting
  4382 | Ossuary  | XOM: scenery: 3 doors close
  4559 | D:5      | XOM: divination: detect items
  4559 | D:5      | Noticed Ijyb
  4563 | D:5      | XOM: divination: magic mapping
  4577 | D:5      | Killed Ijyb
  4748 | D:5      | Noticed a kobold demonologist
  4752 | D:5      | XOM: destruction
  4754 | D:5      | XOM: fake destruction
  4756 | D:5      | Noticed a kobold demonologist
  4763 | D:5      | Reached skill level 5 in Axes
  4763 | D:5      | Killed a kobold demonologist
  4766 | D:5      | Reached XP level 9. HP: 46/68 MP: 12/12
  4768 | D:5      | Killed a kobold demonologist
  4946 | D:5      | XOM: scenery: create altars
  4997 | D:5      | XOM: fog
  5001 | D:5      | XOM: summons 2 hostile demons
  5055 | D:5      | XOM: god gift: glowing short sword {god gift}
  5229 | D:5      | XOM: enchant monster (good)
  5242 | D:5      | XOM: confuse monster(s)
  5245 | D:5      | XOM: noise
  5462 | D:5      | Acquired 454 gold pieces
  5464 | D:5      | Acquired the +0 pair of boots of the Ninety-Nine Demons
                  | {rPois rCorr MP+9 Int+4}
  5548 | D:6      | XOM: summons friendly ufetubus
  5731 | D:6      | Noticed Grinder
  5739 | D:6      | Killed Grinder
  5810 | D:6      | Learned a level 4 spell: Vhi's Electric Charge
  5816 | D:6      | Learned a level 5 spell: Arcjolt
  6130 | D:7      | Reached skill level 5 in Armour
  6257 | D:7      | XOM: 1-stop teleportation journey
  6262 | D:7      | Reached skill level 1 in Evocations
  6267 | D:7      | XOM: destruction
  6272 | D:7      | Reached skill level 5 in Dodging
  6272 | D:7      | Reached XP level 10. HP: 68/77 MP: 14/14
  6405 | D:7      | Noticed Jeremiah
  6411 | D:7      | Paralysed by Jeremiah for 3 turns
  6419 | D:7      | XOM: fog
  6459 | D:7      | Killed Jeremiah
  6762 | D:7      | Reached skill level 1 in Translocations
  7539 | D:8      | Found a flagged portal.
  7571 | D:8      | Found a runed translucent gate.
  7571 | D:8      | Found a runed translucent gate.
  7572 | D:8      | XOM: summons friendly crimson imp
  7575 | D:8      | Found a runed translucent gate.
  7580 | D:8      | XOM: silly message
  7774 | D:8      | Found a runed translucent door.
  7783 | D:8      | Found the +9 staff of Olgreb {rPois∞}
  7787 | D:8      | Found a runed translucent door.
  7844 | D:8      | Noticed Maurice
  7851 | D:8      | Paralysed by Maurice for 2 turns
  7855 | D:8      | Killed Maurice
  7918 | D:8      | Found a basalt altar of Yredelemnul.
  7923 | D:8      | XOM: swap monsters
  7996 | Bailey   | Entered a bailey
  8036 | Bailey   | XOM: 2-stop teleportation journey
  8167 | Bailey   | XOM: blink monster(s)
  8204 | Bailey   | Noticed an orc knight
  8211 | Bailey   | Killed an orc knight
  8268 | Bailey   | Identified the +3 cloak "Abihean" {Slay+5}
  8453 | D:8      | XOM: chaos upgrade
  8811 | D:8      | Reached XP level 11. HP: 79/84 MP: 16/16
  8811 | D:8      | XOM: blink monster(s)
  8824 | D:8      | Reached skill level 5 in Evocations
  8832 | D:8      | XOM: swap monsters
  8844 | D:8      | XOM: summons 1 hostile demon
  9010 | D:8      | Learned a level 8 spell: Maxwell's Capacitive Coupling
  9058 | D:9      | XOM: summons 6 hostile demons
  9072 | D:9      | Found a staircase to the Orcish Mines.
  9185 | D:9      | XOM: silly message
  9336 | D:9      | XOM: enchant monster (bad)
  9424 | D:9      | Noticed Erica
  9435 | D:9      | XOM: chaos upgrade
  9437 | D:9      | Killed Erica
  9719 | D:9      | XOM: swap monsters
  9807 | D:9      | Reached skill level 1 in Staves
  9812 | D:9      | You fall into a shaft and drop 1 floor!
  9812 | D:10     | Entered Level 10 of the Dungeon
  9826 | D:10     | XOM: god gift: 33 gold pieces
 10061 | D:9      | Found The Oracle's Delphic Readings.
 10065 | D:9      | Bought a scroll of enchant armour for 120 gold pieces
 10105 | D:9      | Noticed Grum
 10112 | D:9      | Killed Grum
 10339 | D:10     | Found a staircase to the Lair.
 10752 | D:10     | XOM: give mutation
 10752 | D:10     | Gained mutation: You expend magic power (3 MP) to
                  | strengthen your wands. [Xom's grace]
 10786 | D:11     | XOM: divination: detect items
 11002 | D:11     | XOM: god gift: +2 barding of stealth
 11011 | D:11     | Reached XP level 12. HP: 80/92 MP: 18/18
 11028 | D:11     | XOM: give mutations
 11028 | D:11     | Gained mutation: Your spells are a little harder to cast,
                  | but a little more powerful. [Xom's grace]
 11028 | D:11     | Gained mutation: Your natural rate of healing is unusually
                  | fast. [Xom's grace]
 11091 | D:11     | Noticed Amaemon
 11095 | D:11     | XOM: cleaving
 11098 | D:11     | Killed Amaemon
 11120 | D:11     | XOM: scenery: 2 doors open, 1 doors close
 11132 | D:11     | XOM: fog
 11325 | D:11     | Noticed a boulder beetle
 11337 | D:11     | Killed a boulder beetle
 11596 | D:12     | Reached skill level 1 in Necromancy
 11628 | D:12     | XOM: summons friendly iron imp
 11743 | D:12     | XOM: potion effect (might)
 11744 | D:12     | XOM: summons friendly quasit
 11876 | D:12     | Noticed Nessos
 11893 | D:12     | XOM: 7-stop teleportation journey
 11933 | D:12     | Noticed a boulder beetle
 11934 | D:12     | Killed Nessos
 11946 | D:12     | Killed a boulder beetle
 11964 | D:12     | Noticed Kirke
 11965 | D:12     | XOM: summons 3 friendly demons
 11967 | D:12     | XOM: 3-stop teleportation journey
 11988 | D:12     | XOM: scenery: summon butterflies
 12087 | D:12     | XOM: polymorph hog -> hog
 12094 | D:12     | XOM: chaos upgrade
 12096 | D:12     | XOM: noise
 12101 | D:12     | Reached skill level 5 in Polearms
 12152 | D:12     | Killed Kirke
 12153 | D:12     | Reached skill level 5 in Stealth
 12153 | D:12     | Reached skill level 5 in Unarmed Combat
 12216 | D:12     | XOM: swap monsters
 12567 | D:13     | XOM: blink monster(s)
 12599 | D:13     | Found Astas's Demolitions Depot.
 12621 | D:13     | Learned a level 1 spell: Apportation
 12628 | D:13     | Reached XP level 13. HP: 89/99 MP: 19/19
 12639 | D:13     | Learned a level 1 spell: Necrotise
 12641 | D:13     | Learned a level 1 spell: Sting
 12651 | D:13     | Noticed Urug
 12651 | D:13     | Found Ynkiug's Armour Shop.
 12651 | D:13     | XOM: 1-stop teleportation journey
 12662 | D:13     | Killed Urug
 12746 | D:13     | XOM: butterfly on damage
 12794 | D:13     | Found a runed translucent gate.
 12795 | D:13     | Found a runed translucent gate.
 12795 | D:13     | Found a runed translucent gate.
 12797 | D:13     | Noticed Lodul
 12802 | D:13     | XOM: noise
 12808 | D:13     | Killed Lodul
 12880 | D:13     | Reached skill level 1 in Alchemy
 12931 | D:13     | Noticed a rakshasa
 12943 | D:13     | Slain by a rakshasa

Illustrated notes

Levels and vault maps discovered:
D:1:      minmay_arrival_open_corners, layout_rooms
D:2:      kennysheep_big_flooded_room, layout_basic,
          dreamdust_ecumenical_altar_drowned_temple, basic_altar,
          lexackson_kobold_supper, uniq_robin
D:3:      minmay_chambers_of_twos, layout_basic, serial_shops, shop,
          nicolae_shop_stone, nicolae_shop_mannequins
D:4:      layout_basic, minmay_temple_entry_large_hall
D:5:      layout_rooms, serial_bayou, serial_bayou_pond_b, serial_bayou_pond_e,
          serial_bayou_lagoon_a, serial_bayou_pond_b, serial_bayou_pond_b,
          nicolae_ossuary_entry_plus, corner_web_ring, uniq_ijyb
D:6:      layout_basic, uniq_grinder
D:7:      layout_layer_cave, uniq_jeremiah
D:8:      layout_basic, mainiacjoe_overflow_small_starburst, enter_bailey_5,
          minmay_guarded_unrand_staff_of_olgreb, uniq_maurice
D:9:      layout_loops_cross, erik_orc_4, nicolae_nh_oracle_at_delphi,
          uniq_grum, uniq_erica
D:10:     layout_rooms, david_lair_shrubbed
D:11:     layout_roguey, kennysheep_island_fort, uniq_amaemon
D:12:     layout_basic, st_stairs_2, skrybe_limestone_x, minmay_misc_feat_room,
          uniq_nessos, uniq_kirke
D:13:     layout_cave_pools, hellmonk_vaults_keyhole, ebering_ghost_rock_garden,
          serial_shops, shop, nicolae_blasting_shop,
          minmay_misc_feat_nine_boxes, uniq_urug, uniq_lodul
Temple:   roderic_octagonal_lattice_temple

Skill      XL: |  1  2  3  4  5  6  7  8  9 10 11 12 13 |
---------------+----------------------------------------+-----
Dodging        | 1 2 3 4 5 6 7 |  7.5
Armour         | 2 3 4 5 6 7 |  7.8
Polearms       | 1 2 3 4 5 |  5.3
Spellcasting   | 1 2 3 4 |  4.7
Stealth        | 1 2 3 4 5 |  5.2
Unarmed Combat | 1 2 3 4 5 |  5.2
Fighting       | 4 5 6 7 8 9 |  9.0
Axes           | 4 5 6 7 8 9 |  9.0
Evocations     | 1 4 6 7 8 |  8.4
Translocations | 2 3 4 |  4.3
Staves         | 1 3 |  3.9
Necromancy     | 1 2 |  2.3
Alchemy        | 1 |  1.0

Action                     |  1- 3 |  4- 6 |  7- 9 | 10-12 | 13-15 || total
---------------------------+-------+-------+-------+-------+-------++-------
  Melee: Hand axe          |    55 |   109 |   218 |   364 |    43 ||   789
         Dagger            |    49 |   110 |   208 |    28 |       ||   395
         Trident           |       |       |       |   136 |       ||   136
         Staff             |       |       |       |   232 |    46 ||   278
         Unarmed           |       |       |       |     3 |       ||     3
  Evoke: Wand              |       |       |       |    10 |    10 ||    20
         Condenser vane    |       |       |       |     1 |     1 ||     2
    Use: Scroll            |       |    12 |     7 |    11 |     3 ||    33
         Potion            |       |       |     4 |     8 |       ||    12
   Stab: Confused          |       |       |     8 |     7 |       ||    15
         Paralysed         |       |       |     3 |    11 |     6 ||    20
         Petrifying        |       |       |     1 |       |       ||     1
         Distracted        |       |       |     1 |     2 |       ||     3
         Sleeping          |       |       |     1 |     5 |       ||     6
         Petrified         |       |       |     1 |     1 |       ||     2
 Armour: Scale mail        |    50 |    23 |       |       |       ||    73
         Leather armour    |     1 |       |       |       |       ||     1
         Plate armour      |       |    63 |       |       |       ||    63
         Chain mail        |       |    22 |   140 |       |       ||   162
         Ring mail         |       |       |   138 |   124 |       ||   262
         Crystal plate arm |       |       |       |   498 |    71 ||   569
         Skin              |       |       |       |     4 |       ||     4
  Dodge: Dodged            |    24 |    45 |   206 |   213 |    13 ||   501

Table legend: (Time is in decaauts)
 A = Elapsed time spent in this place.
 B = Non-inter-level travel time spent in this place.
 C = Inter-level travel time spent in this place.
 D = Time resting spent in this place.
 E = Time spent auto-exploring this place.
 F = Levels seen in this place.
 G = Mean time per level.
                   A        B        C        D        E       F      G
               +--------+--------+--------+--------+--------+-----+--------+
         Total |  13002 |  12244 |    758 |   1238 |   7598 |  16 |  812.6 |
       Dungeon |  12085 |  11328 |    757 |   1209 |   7332 |  13 |  929.6 |
        Temple |      1 |      1 |      0 |      0 |      0 |   1 |    1.0 |
       Ossuary |    558 |    558 |      0 |     29 |    214 |   1 |  558.0 |
        Bailey |    356 |    356 |      0 |      0 |     52 |   1 |  356.0 |
               +--------+--------+--------+--------+--------+-----+--------+

Top non-repeatable levels by time:
     D:3: 1582 daAuts
     D:7: 1435 daAuts
     D:5: 1195 daAuts
     D:9: 1175 daAuts
     D:8: 1148 daAuts
    D:12: 974 daAuts
     D:4: 915 daAuts
     D:2: 825 daAuts
    D:11: 788 daAuts
    D:10: 595 daAuts
     D:6: 572 daAuts
 Ossuary: 558 daAuts
     D:1: 505 daAuts
    D:13: 370 daAuts
  Bailey: 356 daAuts
